 Dungeon Crawl Stone Soup version 0.27-a0-978-g2aa4ecdaef (webtiles) character file.

Game seed: 2889935465048933580

503626 tsouns the Demonic Cataclysm (level 23, -3/197 HPs)
             Began as a Demonspawn Delver on Apr 9, 2021.
             Was a High Priest of Qazlal.
             Slain by a quicksilver ooze (14 damage)
             ... on level 5 of the Pits of Slime on Apr 15, 2021.
             The game lasted 01:49:26 (37529 turns).

tsouns the Demonic Cataclysm (Demonspawn Delver)   Turns: 37529, Time: 01:49:26

Health: -3/197     AC: 43    Str: 22    XL:     23   Next: 80%
Magic:  0/38       EV:  6    Int: 19    God:    Qazlal [*****.]
Gold:   3916       SH: 52    Dex: 15    Spells: 20/22 levels left

rFire    + + +     SeeInvis .   i - +8 demon trident "Rift" {distort, reach+}
rCold    + + +     Faith    .   F - +18 shield of the Gong {rElec rN+ Will+ EV-5}
rNeg     + + +     Spirit   +   Y - +2 gold dragon scales
rPois    +         Reflect  .   u - +2 helmet of the Northern Lights {rElec rC+ Regen+}
rElec    +         Harm     .   q - +2 cloak of the Solstice {rN+ Will+}
rCorr    .         Rampage  .   v - +2 pair of gloves
Will     +++..     Clarity  +   (boots unavailable)
Stlth    ..........             B - brooch of Shielding {Spirit SH+8}
HPRegen  1.42/turn              W - ring of Suspicion {+Inv rF+++ rC+ Will- Str+4}
MPRegen  0.26/turn              E - ring of Geallyfi {rElec rPois Will+ Int+3}

@: engulfed (cannot breathe), protected from physical damage, corroded, unable
to read, very slightly contaminated, repel missiles
A: hooves 3, slimy green scales 3, icemail 2, negative energy resistance 1,
powered by pain 2, 50% torment resistance, condensation shield, clarity,
evolution 1, sturdy frame 1
}: 3/15 runes: barnacled, silver, gossamer
a: Renounce Religion, Evoke Invisibility, Upheaval, Elemental Force, Disaster
Area


You were on level 5 of the Pits of Slime.
You worshipped Qazlal.
Qazlal was extremely pleased with you.
You visited 9 branches of the dungeon, and saw 45 of its levels.
You visited the Abyss 3 times.
You visited 1 bazaar.
You also visited: Bailey and Gauntlet.

You collected 6548 gold pieces.
You spent 2632 gold pieces at shops.

Inventory:

Hand Weapons
 i - the +8 demon trident "Rift" (weapon) {distort, reach+}
   (You found it on level 5 of the Dungeon)

   It warps and distorts space around it.
   Unwielding it can cause banishment or high damage.
Missiles
 H - 6 throwing nets (quivered)
Armour
 q - the +2 cloak of the Solstice (worn) {rN+ Will+}
   (You found it on level 3 of the Elven Halls)

   It protects you from negative energy.
   It increases your willpower.
 u - the +2 helmet of the Northern Lights (worn) {rElec rC+ Regen+}
   (You acquired it on level 9 of the Dungeon)

   It protects you from cold.
   It insulates you from electricity.
   It increases your rate of health regeneration.
 v - a +2 pair of gloves (worn)
 F - the +18 shield of the Gong (worn) {rElec rN+ Will+ EV-5}
   (You bought it in a shop on level 7 of the Dungeon)

   It affects your evasion (-5).
   It insulates you from electricity.
   It protects you from negative energy.
   It increases your willpower.
 Y - +2 gold dragon scales (worn)
Jewellery
 B - the brooch of Shielding (around neck) {Spirit SH+8}
   (You took it off a deep elf death mage on level 3 of the Elven Halls)

   [amulet of guardian spirit]

   It causes incoming damage to be divided between your reserves of health and
   magic.
   It affects your SH (+8).
 E - the ring of Geallyfi (right hand) {rElec rPois Will+ Int+3}
   (You bought it in a shop on level 7 of the Dungeon)

   [ring of willpower]

   It affects your intelligence (+3).
   It insulates you from electricity.
   It protects you from poison.
   It increases your willpower.
 W - the ring of Suspicion (left hand) {+Inv rF+++ rC+ Will- Str+4}
   (You found it on level 5 of the Lair of Beasts)

   [ring of protection from cold]

   It affects your strength (+4).
   It renders you almost immune to fire.
   It protects you from cold.
   It lets you turn invisible.
   It decreases your willpower.
Wands
 a - a wand of removedness (25)
 g - a wand of digging (6)
 n - a wand of charming (13)
 L - a wand of acid (19)
 N - a wand of polymorph (64)
 P - a wand of iceblast (18)
 T - a wand of mindburst (31)
 X - a wand of paralysis (6)
Scrolls
 b - 6 scrolls of blinking
 c - 10 scrolls of fog
 d - 4 scrolls of magic mapping
 e - 10 scrolls of fear
 w - 9 scrolls of amnesia
 y - 3 scrolls of immolation
 A - 8 scrolls of teleportation
 O - 4 scrolls of summoning
 S - 30 scrolls of identify
 Z - a scroll of silence
Potions
 f - 7 potions of haste
 k - 11 potions of brilliance
 l - 9 potions of flight
 m - 11 potions of heal wounds
 p - 3 potions of magic
 s - 7 potions of ambrosia
 z - 3 potions of mutation
 C - 5 potions of resistance
 J - 2 potions of might
 Q - 4 potions of berserk rage
 R - 2 potions of invisibility
 U - 18 potions of curing
Miscellaneous
 h - a condenser vane (inert)
 j - a phantom mirror
 r - a lightning rod (2/4)
 t - a box of beasts (inert)
 V - a tin of tremorstones (1/2)


   Skills:
 + Level 20.2 Fighting
 - Level 14.0 Polearms
 + Level 13.5 Armour
 + Level 13.6 Dodging
 - Level 5.3 Stealth
 + Level 17.1 Shields
 + Level 23.3 Invocations
 - Level 14.1 Evocations


You had 20 spell levels left.
You knew the following spells:

 Your Spells              Type           Power      Damage    Failure   Level
a - Blink                 Tloc           N/A        N/A       100%        2

Your spell library contained the following spells:

 Spells                   Type           Power      Damage    Failure   Level
 Beastly Appendage        Tmut           0%         N/A       99%         1
 Corona                   Hex            0%         N/A       99%         1
 Magic Dart               Conj           0%         1d3       99%         1
 Shock                    Conj/Air       0%         1d3       99%         1
 Call Imp                 Summ           0%         N/A       100%        2
 Corpse Rot               Necr/Air       N/A        N/A       100%        2
 Passwall                 Tmut/Erth      0%         N/A       100%        2
 Slow                     Hex            0%         N/A       100%        2
 Static Discharge         Conj/Air       0%         N/A       100%        2
 Sublimation of Blood     Necr           0%         N/A       100%        2
 Wereblood                Tmut           0%         N/A       100%        2
 Confusing Touch          Hex            0%         N/A       100%        3
 Conjure Flame            Conj/Fire      0%         6-21      100%        3
 Frozen Ramparts          Ice            0%         1d2       100%        3
 Gell's Gravitas          Tloc           0%         N/A       100%        3
 Ignite Poison            Fire/Tmut/Pois 0%         N/A       100%        3
 Inner Flame              Hex/Fire       0%         N/A       100%        3
 Lesser Beckoning         Tloc           0%         N/A       100%        3
 Mephitic Cloud           Conj/Pois/Air  0%         N/A       100%        3
 Portal Projectile        Hex/Tloc       0%         N/A       100%        3
 Spider Form              Tmut/Pois      0%         N/A       100%        3
 Summon Guardian Golem    Hex/Summ       0%         N/A       100%        3
 Swiftness                Air            0%         N/A       100%        3
 Teleport Other           Tloc           0%         N/A       100%        3
 Vampiric Draining        Necr           0%         2d6       100%        3
 Airstrike                Air            0%         N/A       100%        4
 Cause Fear               Hex            0%         N/A       100%        4
 Ice Form                 Ice/Tmut       0%         N/A       100%        4
 Leda's Liquefaction      Hex/Erth       0%         N/A       100%        4
 Petrify                  Tmut/Erth      0%         N/A       100%        4
 Summon Ice Beast         Ice/Summ       0%         N/A       100%        4
 Summon Lightning Spire   Summ/Air       0%         N/A       100%        4
 Alistair's Intoxication  Tmut/Pois      0%         N/A       100%        5
 Excruciating Wounds      Necr           0%         N/A       100%        5
 Fireball                 Conj/Fire      0%         3d3       100%        5
 Hydra Form               Tmut           0%         N/A       100%        5
 Irradiate                Conj/Tmut      0%         3d13      100%        5
 Lightning Bolt           Conj/Air       0%         1d11      100%        5
 Manifold Assault         Tloc           0%         N/A       100%        5
 Metabolic Englaciation   Hex/Ice        0%         N/A       100%        5
 Silence                  Hex/Air        0%         N/A       100%        5
 Yara's Violent Unravell  Hex/Tmut       0%         3d3       100%        5
 Blade Hands              Tmut           0%         N/A       100%        6
 Conjure Ball Lightning   Conj/Air       0%         3x3d6     100%        6
 Eringya's Noxious Bog    Tmut/Pois      0%         N/A       100%        6
 Simulacrum               Ice/Necr       0%         N/A       100%        6
 Starburst                Conj/Fire      0%         8x6d3     100%        6
 Statue Form              Tmut/Erth      0%         N/A       100%        6
 Dragon Form              Tmut           0%         N/A       100%        7
 Ozocubu's Refrigeration  Ice            0%         4d5       100%        7
 Summon Hydra             Summ           0%         N/A       100%        7
 Discord                  Hex            0%         N/A       100%        8
 Ignition                 Fire           0%         3d3       100%        8
 Tornado                  Air            0%         N/A       100%        9


Dungeon Overview and Level Annotations

Branches:
Dungeon (15/15)            Temple (1/1) D:6            Lair (6/6) D:11
 Shoals (4/4) Lair:4       Spider (4/4) Lair:4        Slime (5/5) Lair:6
    Orc (2/2) D:11            Elf (3/3) Orc:2        Vaults (5/5) D:13
  Crypt (0/3) Vaults:3     Depths (0/5) D:15         Bailey (visited)
Gauntlet (visited)

Altars:
Ashenzari
Cheibriados
Dithmenos
Elyvilon
Fedhas
Gozag
Hepliaklqana
Kikubaaqudgha
Makhleb
Nemelex Xobeh
Okawaru
Qazlal
Ru
Sif Muna
Trog
Uskayaw
Vehumet
Wu Jian
Xom
Yredelemnul
Zin
The Shining One

Shops:
D:6 :(*   D:7 [*   D:8 ?   Orc:2 (:[   Elf:1 *   Elf:2 *   Shoals:1 =*?:
Vaults:3 (

Portals:
Trove: Vaults:3 (give +7 demon blade)

Annotations:
Abyss:1 Asterion, Louise


Innate Abilities, Weirdness & Mutations

You have hooves in place of feet.
You are completely covered in slimy green scales. (AC +4, rPois)
A meltable icy envelope protects you from harm. (AC +8)
You resist negative energy. (rN+)
You sometimes gain power by taking damage.
You are somewhat able to resist unholy torments (1 in 2 success).
A meltable shield of frost defends you. (SH +4)
You possess an exceptional clarity of mind.
You evolve.
Your movements are slightly less encumbered by armour. (ER -2)


Message History

* * * LOW HITPOINT WARNING * * *
You feel more protected from physical attacks.
You block the azure jelly's attack.
GONNNNG!
The acid blob is engulfed in freezing vapours.
The rockslime hits you but does no damage.
You block the rockslime's attack.
GONNNNG!
You block the rockslime's attack.
SHROANNG!
The rockslime is engulfed in freezing vapours.
The slime creature is engulfed in freezing vapours.
The quicksilver ooze is engulfed in freezing vapours.
The quicksilver ooze hits you. The quicksilver ooze engulfs you!
The quicksilver ooze hits you but does no damage.
The azure jelly is engulfed in freezing vapours.
The azure jelly hits you but does no damage.
The azure jelly hits you!
* * * LOW HITPOINT WARNING * * *
The azure jelly freezes you. You resist.
* * * LOW HITPOINT WARNING * * *
The azure jelly hits you but does no damage.
The azure jelly hits you.
Unknown command.
Unknown command.
You impale the azure jelly!!
You kill the azure jelly!
That felt strangely unrewarding.
You are splashed with acid!
* * * LOW HITPOINT WARNING * * *
x2 Your lungs strain for air!
You block the rockslime's attack.
SHROANNG!
The rockslime is engulfed in freezing vapours.
You block the rockslime's attack.
GONNNNG!
You block the rockslime's attack.
PTOANNNG!
The quicksilver ooze is engulfed in freezing vapours.
The quicksilver ooze hits you!
You die...

##.......≈......
#......≈§§§.....
##......§§§§§.≈≈
#......§§§§§..≈
#.....≈§J§§§§≈..
##....§°§○≈.≈.≈.
##.#§§§J§J§..≈.
##.§§JJJJ§....
##§≈J@J#.....
##§§###.....
#### #... ... #.


You could see an acid blob, a slime creature, 6 rockslimes and a quicksilver
ooze.

Vanquished Creatures
  the Royal Jelly (Slime:5)
  An ancient lich (Vaults:5)
  2 golden dragons (Vaults:5)
  Nikola (Vaults:1)
  A lich (Vaults:5)
  A titan (Vaults:5)
  A deep elf master archer (Elf:3)
  2 krakens
  3 deep elf blademasters
  Polyphemus (Shoals:3)
  4 sphinxes
  11 acid blobs
  A tentacled starspawn (Abyss:2)
  2 shadow dragons (Vaults:5)
  3 tengu reavers (Vaults:5)
  6 azure jellies
  A fire giant (Vaults:2)
  4 deep elf sorcerers
  18 vault wardens
  6 rockslimes
  3 frost giants
  2 emperor scorpions
  4 ghost moths (Spider:4)
  A curse skull (Vaults:3)
  2 orc warlords
  5 deep elf elementalists (Elf:3)
  11 ironbound preservers
  8 quicksilver oozes (Slime:5)
  4 war gargoyles
  20 very ugly things
  A vampire knight (Vaults:3)
  5 stone giants (Vaults:5)
  2 spark wasps
  A dire elephant (Vaults:1)
  7 deep elf demonologists
  5 deep elf annihilators
  An entropy weaver (Vaults:2)
  A bunyip (shapeshifter) (Vaults:5)
  A minotaur (Gauntlet)
  3 merfolk javelineers
  An eidolon (Vaults:3)
  Snorg (D:14)
  3 crystal guardians (Vaults:1)
  11 merfolk impalers (Shoals:4)
  14 yaktaur captains
  9 deep elf death magi
  8 deep elf high priests
  6 ironbound thunderhulks
  3 great orbs of eyes
  4 hydras
  3 peacekeepers
  35 vault guards
  4 boulder beetles
  An anaconda (shapeshifter) (Vaults:5)
  5 merfolk avatars
  A merfolk aquamancer (Shoals:3)
  11 centaur warriors
  A two-headed ogre (D:11)
  24 dancing weapons
  12 ironbound frosthearts
  An alligator snapping turtle (Shoals:4)
  3 death yaks (Shoals:3)
  3 catoblepae
  An alligator (Shoals:1)
  2 tengu warriors (D:13)
  3 satyrs
  A vampire mage (D:15)
  2 thrashing horrors (Abyss:2)
  2 hell hogs (Abyss:2)
  3 orc high priests
  5 deep elf knights
  2 ironbound beastmasters (Vaults:1)
  2 hell knights (Vaults:5)
  A wretched star (Abyss:2)
  2 titan skeletons
  3 skeletal warriors
  13 wizards
  2 phantasmal warriors
  2 glowing orange brains
  10 sea snakes
  16 deep trolls
  3 lindwurms
  A sphinx zombie (Vaults:1)
  19 ironbound convokers
  9 deep elf archers
  5 orc knights
  5 necromancers
  13 harpies
  21 orb spiders
  A frost giant zombie (Vaults:2)
  21 deep elf pyromancers
  23 deep elf zephyrmancers
  A fire giant zombie (D:15)
  31 wolf spiders
  20 manticores
  31 ugly things
  4 cyclopes
  5 orc sorcerers
  3 shining eyes
  A salamander (shapeshifter) (Vaults:5)
  11 large abominations
  2 worldbinders (Abyss:2)
  An iron dragon skeleton (Vaults:5)
  6 fauns
  A guardian serpent (Abyss:2)
  A moth of wrath (Spider:4)
  A fire giant skeleton (D:15)
  6 elephants
  2 black mambas
  An oklob plant (Lair:5)
  8 water nymphs
  8 merfolk sirens
  An eye of devastation (Gauntlet)
  A smoke demon (Abyss:2)
  20 vault sentinels
  2 torpor snails
  2 gargoyles
  11 cane toads
  2 freezing wraiths
  An elf skeleton (Vaults:1)
  2 yaktaur zombies (Vaults:2)
  2 unseen horrors
  A rime drake (Lair:6)
  32 yaktaurs
  2 kobold demonologists
  An anaconda simulacrum (Abyss:2)
  A guardian mummy (D:15)
  A hellion (Abyss:2)
  A golden dragon simulacrum (Abyss:2)
  A yaktaur (shapeshifter) (Vaults:5)
  2 hellwings (Abyss:2)
  17 komodo dragons
  12 demonic crawlers
  5 trolls
  32 blink frogs
  27 merfolk
  11 polar bears
  72 slime creatures
  A tengu simulacrum (Vaults:2)
  10 hornets
  Grinder (D:6)
  26 jumping spiders
  4 raiju (Abyss:2)
  7 wind drakes
  A slime creature (shapeshifter) (Vaults:5)
  7 snapping turtles
  4 flying skulls (Abyss:2)
  An ice dragon skeleton (Abyss:2)
  2 air elementals
  A centaur simulacrum (D:15)
  60 redbacks
  36 tarantellas
  7 wyverns
  7 shadows
  A vampire (D:9)
  2 ynoxinuls (Abyss:2)
  6 basilisks
  2 fire bats (Abyss:2)
  6 water elementals
  5 vampire mosquitoes
  A fire elemental (Elf:2)
  2 chaos spawn (Abyss:2)
  8 golden eyes
  72 yaks
  An acid dragon (D:13)
  4 wargs
  24 water moccasins
  40 orc warriors
  A floating eye (shapeshifter) (Elf:1)
  A sky beast (D:6)
  A wolf (shapeshifter) (Vaults:5)
  An ice beast (D:7)
  7 ogres
  A human zombie (Vaults:5)
  5 wolves (Lair:3)
  A cane toad skeleton (Abyss:2)
  5 phantoms
  4 centaurs
  3 kobold brigands
  12 bullfrogs
  A wyvern zombie (D:8)
  12 small abominations
  2 scorpions
  18 wights
  9 howler monkeys
  5 electric eels
  5 centaur zombies
  6 jellies
  4 quasits (Abyss:2)
  2 hounds
  25 orc priests
  4 iguanas
  20 orc wizards
  3 gnolls (Bailey)
  An adder (D:3)
  A shadow imp (D:5)
  2 white imps
  2 worms
  87 orcs
  6 ball pythons
  12 endoplasms
  4 giant cockroaches
  24 goblins
  8 hobgoblins
  5 jackals
  4 quokkas
  8 bats
  3 frilled lizards
  39 kobolds
  2 rats (D:1)
  2 lurking horrors (Abyss:2)
  A plant (Shoals:3)
  A starspawn tentacle (Abyss:2)
  9 tentacles
1648 creatures vanquished.

Vanquished Creatures (collateral kills)
  Saint Roka (Vaults:1)
  Erolcha (Orc:1)
  2 wolf spiders (Spider:1)
  2 oklob plants (Lair:5)
  A black mamba (Lair:6)
  2 rime drakes (Lair:6)
  A komodo dragon (Lair:6)
  3 jumping spiders (Spider:1)
  A tarantella (Spider:2)
  2 redbacks (Spider:1)
  A yak (Lair:6)
  A kobold (Bailey)
18 creatures vanquished.

Vanquished Creatures (others)
  A hell hog (Abyss:2)
  5 deep elf knights (Elf:2)
  A deep troll (Vaults:1)
  2 wizards
  An ugly thing (Vaults:1)
  An unseen horror (Abyss:2)
  A yaktaur simulacrum (Vaults:2)
  A water moccasin (Lair:6)
  A bullfrog (Lair:5)
  2 orcs
  2 butterflies (Lair:6)
  21 fungi
  74 plants
  12 starspawn tentacles (Abyss:2)
  7 tentacles
  5 withered plants (D:15)
137 creatures vanquished.

Grand Total: 1803 creatures vanquished

Notes
Turn   | Place    | Note
-------+----------+-------------------------------------------
     0 | D:5      | tsouns the Demonspawn Delver began the quest for the Orb.
     0 | D:5      | Reached XP level 1. HP: 18/18 MP: 1/1
     1 | D:5      | Found the +8 demon trident "Rift" {distort, reach+}
    26 | D:5      | Gained mutation: A meltable shield of frost defends you.
                  | (SH +4) [demonic ancestry]
    26 | D:5      | Reached XP level 2. HP: 8/24 MP: 2/2
   368 | D:3      | Gained mutation: You are partially covered in slimy green
                  | scales. (AC +2) [demonic ancestry]
   368 | D:3      | Reached XP level 3. HP: 26/30 MP: 3/3
   550 | D:1      | Gained mutation: You have large cloven feet. [demonic
                  | ancestry]
   550 | D:1      | Reached XP level 4. HP: 37/37 MP: 4/4
   882 | D:1      | Found a faded altar of an unknown god.
  1328 | D:2      | Gained mutation: You are mostly covered in slimy green
                  | scales. (AC +3) [demonic ancestry]
  1328 | D:2      | Reached XP level 5. HP: 41/43 MP: 5/5
  1461 | D:2      | Found a sparkling altar of Nemelex Xobeh.
  2020 | D:3      | Reached skill level 5 in Fighting
  2346 | D:4      | Reached XP level 6. HP: 51/51 MP: 6/6
  2719 | D:4      | Reached skill level 5 in Polearms
  2719 | D:4      | Gained mutation: A meltable icy envelope protects you from
                  | harm. (AC +8) [demonic ancestry]
  2719 | D:4      | Reached XP level 7. HP: 58/58 MP: 7/7
  3043 | D:5      | Identified the +0 leather armour of Quantum Leap {Harm}
  3328 | D:5      | You fall into a shaft and drop 1 floor!
  3354 | D:6      | Noticed Grinder
  3363 | D:6      | Paralysed by Grinder for 3 turns
  3370 | D:6      | Killed Grinder
  3392 | D:6      | Reached XP level 8. HP: 67/67 MP: 8/8
  3416 | D:6      | Found Rurphohe's Book Boutique.
  3422 | D:6      | Found Ismoshe's Antique Weapon Emporium.
  3476 | D:6      | Found Saonuh's General Store.
  3503 | D:6      | Found a staircase to the Ecumenical Temple.
  3563 | Temple   | Entered the Ecumenical Temple
  3749 | Temple   | Became a worshipper of Qazlal Stormbringer
  3994 | D:6      | Reached skill level 1 in Invocations
  4119 | D:7      | Found Ezxo Wig's Assorted Antiques.
  4127 | D:7      | Bought a heavily runed lapis lazuli ring for 140 gold
                  | pieces
  4127 | D:7      | Identified the ring of Geallyfi {rElec rPois Will+ Int+3}
                  | (You bought it in a shop on level 7 of the Dungeon)
  4127 | D:7      | Bought a golden potion for 25 gold pieces
  4127 | D:7      | Bought a scroll labelled CESHOS EROESI for 28 gold pieces
  4127 | D:7      | Bought a scroll labelled DUQOUR YSHEW for 28 gold pieces
  4127 | D:7      | Bought a scroll labelled XEUL JUECLAYH for 28 gold pieces
  4144 | D:7      | Found Jooleg's Armour Shoppe.
  4289 | D:7      | Found a flagged portal.
  4296 | Bailey   | Entered a bailey
  4341 | Bailey   | Reached * piety under Qazlal
  4352 | Bailey   | Reached skill level 2 in Invocations
  4357 | Bailey   | Reached skill level 3 in Invocations
  4389 | Bailey   | Reached XP level 9. HP: 75/75 MP: 11/11
  4508 | D:7      | Reached skill level 4 in Invocations
  4713 | D:7      | Reached skill level 5 in Invocations
  4793 | D:7      | Noticed a gargoyle
  4802 | D:7      | Killed a gargoyle
  4890 | D:7      | Reached skill level 6 in Invocations
  5347 | D:8      | Reached ** piety under Qazlal
  5361 | D:8      | Found the +10 dark maul {vorpal}
  5365 | D:8      | Found Noick's Magic Scroll Boutique.
  5380 | D:8      | Bought a scroll of enchant armour for 105 gold pieces
  5380 | D:8      | Bought a scroll of identify for 28 gold pieces
  5477 | D:8      | Reached skill level 7 in Invocations
  5869 | D:9      | Gained mutation: You have hoof-like feet. [demonic
                  | ancestry]
  5869 | D:9      | Reached XP level 10. HP: 81/85 MP: 15/15
  5880 | D:9      | Reached skill level 10 in Fighting
  5926 | D:9      | Reached skill level 8 in Invocations
  6415 | D:9      | Found a sacrificial altar of Ru.
  6918 | D:9      | Identified a scroll of acquirement
  6920 | D:9      | Acquired the +2 helmet of the Northern Lights {rElec rC+
                  | Regen+}
  6978 | D:10     | Entered Level 10 of the Dungeon
  7000 | D:10     | Reached skill level 9 in Invocations
  7004 | D:10     | Reached *** piety under Qazlal
  7354 | D:10     | Reached skill level 10 in Invocations
  7357 | D:10     | Reached skill level 10 in Polearms
  7641 | D:11     | Gained mutation: You are completely covered in slimy green
                  | scales. (AC +4, rPois) [demonic ancestry]
  7641 | D:11     | Reached XP level 11. HP: 93/93 MP: 18/18
  7664 | D:11     | Reached **** piety under Qazlal
  7757 | D:11     | Reached skill level 11 in Invocations
  7801 | D:11     | Noticed a two-headed ogre
  7804 | D:11     | Killed a two-headed ogre
  7847 | D:11     | Found a staircase to the Orcish Mines.
  7982 | D:11     | Found a staircase to the Lair.
  8086 | Orc:1    | Entered Level 1 of the Orcish Mines
  8141 | Orc:2    | Entered Level 2 of the Orcish Mines
  8278 | Orc:2    | Noticed an orc knight
  8287 | Orc:2    | Banished an orc knight
  8342 | Orc:1    | Noticed Erolcha
  8363 | Orc:1    | Cast into level 2 of the Abyss (Erolcha)
  8468 | Abyss:2  | Reached skill level 1 in Armour
  8532 | Abyss:2  | Noticed a glowing orange brain
  8540 | Abyss:2  | Noticed a tentacled starspawn
  8541 | Abyss:2  | Killed a glowing orange brain
  8542 | Abyss:2  | Reached skill level 5 in Stealth
  8542 | Abyss:2  | Reached XP level 12. HP: 98/102 MP: 20/20
  8555 | Abyss:2  | Noticed a tentacled starspawn
  8571 | Abyss:2  | Noticed a starcursed mass
  8589 | Abyss:2  | Identified the +0 robe of Zimehal {Rampage +Inv rElec rC-}
  8614 | Abyss:2  | Found a corrupted altar of Lugonu.
  8712 | Abyss:2  | Noticed a balrug
  8822 | Orc:1    | Escaped the Abyss
  8871 | Orc:1    | Cast into level 2 of the Abyss (Erolcha)
  8921 | Abyss:2  | Noticed an ancient lich
  8943 | Abyss:2  | Noticed a hell hog
  8944 | Abyss:2  | Noticed a hell hog
  8944 | Abyss:2  | Noticed a hell hog
  8946 | Abyss:2  | Noticed a hell hog
  8949 | Abyss:2  | Killed a hell hog
  8956 | Abyss:2  | Killed a hell hog
  8956 | Abyss:2  | Reached ***** piety under Qazlal
  8957 | Abyss:2  | HP: 5/103 [hell hog/fireball (27)]
  8961 | Abyss:2  | Killed a hell hog
  8965 | Abyss:2  | Banished a hell hog
  9046 | Abyss:2  | Reached skill level 12 in Invocations
  9081 | Abyss:2  | Noticed a tentacled starspawn
  9089 | Abyss:2  | Banished a tentacled starspawn
  9098 | Abyss:2  | Noticed a tentacled monstrosity
  9100 | Orc:1    | Escaped the Abyss
  9264 | Orc:2    | Found a gateway to a bazaar.
  9292 | Orc:2    | Noticed an orc warlord
  9294 | Orc:2    | Noticed an orc high priest
  9303 | Orc:2    | Noticed an orc high priest
  9331 | Orc:2    | Killed an orc warlord
  9336 | Orc:2    | Reached skill level 5 in Dodging
  9360 | Orc:2    | Reached XP level 13. HP: 83/111 MP: 22/22
  9387 | Orc:2    | Reached skill level 5 in Armour
  9609 | Bazaar   | Entered a bazaar
  9609 | Bazaar   | Found Fethrepro's Jewellery Shoppe.
  9609 | Bazaar   | Found Woqaodud's Magic Scroll Shoppe.
  9609 | Bazaar   | Found Reitsov's Distillery.
  9623 | Bazaar   | Bought 2 potions of heal wounds for 130 gold pieces
  9635 | Bazaar   | Bought a scroll of blinking for 90 gold pieces
  9690 | Orc:2    | Reached skill level 13 in Invocations
  9747 | Orc:2    | Found Sithrug's Antique Armour Emporium.
  9748 | Orc:2    | Found Usoekuebu's Antique Weapon Shoppe.
  9750 | Orc:2    | Found Kafulluf's General Store.
  9750 | Orc:2    | Found Esmo's Book Emporium.
  9982 | Orc:2    | Found a staircase to the Elven Halls.
 10224 | Orc:1    | Reached ****** piety under Qazlal
 10310 | Orc:1    | Killed Erolcha
 10705 | Lair:1   | Entered Level 1 of the Lair of Beasts
 10865 | D:7      | Bought the +18 shield of the Gong {rElec rN+ Will+ EV-5}
                  | for 1362 gold pieces
 10865 | D:7      | Found the +18 shield of the Gong {rElec rN+ Will+ EV-5}
 11092 | Lair:1   | Reached skill level 1 in Shields
 13181 | Lair:4   | Reached XP level 14. HP: 119/119 MP: 24/24
 13284 | Lair:4   | Reached skill level 14 in Invocations
 13289 | Lair:4   | Reached skill level 5 in Shields
 13407 | Lair:4   | Found a hole to the Spider Nest.
 13795 | Lair:4   | Found a staircase to the Shoals.
 14446 | Lair:5   | Identified the ring of Suspicion {+Inv rF+++ rC+ Will-
                  | Str+4}
 14898 | Lair:6   | Entered Level 6 of the Lair of Beasts
 15053 | Lair:6   | Reached skill level 15 in Invocations
 15089 | Lair:6   | Gained mutation: You sometimes gain a little power by
                  | taking damage. [demonic ancestry]
 15089 | Lair:6   | Reached XP level 15. HP: 109/127 MP: 26/26
 15351 | Lair:6   | Found the +5 robe of Night {Dark Will+ SInv}
 15732 | Lair:6   | Found a staircase to the Slime Pits.
 17100 | D:13     | Found a gate to the Vaults.
 17574 | D:14     | Noticed Snorg
 17580 | D:14     | Killed Snorg
 18463 | D:15     | Entered Level 15 of the Dungeon
 18505 | D:15     | Reached skill level 10 in Shields
 18509 | D:15     | Noticed Louise
 18530 | D:15     | Banished Louise
 18531 | D:15     | Reached skill level 15 in Fighting
 18555 | D:15     | Reached skill level 16 in Invocations
 18588 | D:15     | Found a burning altar of Makhleb.
 18597 | D:15     | Found a gate leading to a gauntlet.
 18601 | Gauntlet | Entered a Gauntlet
 18601 | Gauntlet | Found a transporter.
 18601 | Gauntlet | Found a transporter.
 18601 | Gauntlet | Found a transporter.
 18611 | Gauntlet | Found a transporter.
 18614 | Gauntlet | Found a transporter.
 18618 | Gauntlet | Found a runed translucent door.
 18620 | Gauntlet | Found a runed translucent door.
 18622 | Gauntlet | Found a transporter.
 18625 | Gauntlet | Found a transporter.
 18633 | Gauntlet | Found a transporter.
 18653 | Gauntlet | Found a transporter.
 18673 | Gauntlet | Found a transporter.
 18675 | Gauntlet | Found a transporter.
 18686 | Gauntlet | Found a transporter.
 18792 | Gauntlet | Identified the ring of Fyrykkaip {Fire *Corrode Int+3 Dex+4
                  | Slay+5}
 18901 | Gauntlet | Identified the +1 robe of Vunyr {Int+2}
 18910 | Gauntlet | Identified Sif Muna's Disquisition on Fiery Ice
 18913 | Gauntlet | Identified the -1 pair of boots "Loev" {rElec rF++ rCorr
                  | SInv}
 18913 | Gauntlet | Identified the +1 leather armour of Umotukut {rElec Str+2
                  | Slay+4}
 18924 | D:15     | Found a staircase to the Depths.
 19618 | Elf:1    | Entered Level 1 of the Elven Halls
 19640 | Elf:1    | Reached XP level 16. HP: 136/136 MP: 28/28
 20246 | Elf:1    | Found Ivvuan's Assorted Antiques.
 20251 | Elf:1    | Bought a potion of curing for 63 gold pieces
 20251 | Elf:1    | Bought a scroll of enchant armour for 157 gold pieces
 20251 | Elf:1    | Bought a scroll of enchant armour for 157 gold pieces
 20251 | Elf:1    | Bought a metallic blue potion for 18 gold pieces
 20252 | Elf:1    | Acquired 1105 gold pieces
 20448 | Elf:1    | Identified Sif Muna's Handbook of Summoning
 21019 | Elf:2    | Found a runed translucent gate.
 21019 | Elf:2    | Found a runed translucent gate.
 21019 | Elf:2    | Found a runed translucent gate.
 21061 | Elf:2    | Found Poism's Assorted Antiques.
 21076 | Elf:2    | Bought a potion of heal wounds for 165 gold pieces
 21076 | Elf:2    | Bought a scroll labelled XUAGE IDUC for 33 gold pieces
 21149 | Elf:2    | Reached skill level 17 in Invocations
 21150 | Elf:2    | Noticed a deep elf blademaster
 21169 | Elf:2    | Killed a deep elf blademaster
 21535 | Elf:3    | Entered Level 3 of the Elven Halls
 21907 | Elf:3    | Gained mutation: You sometimes gain power by taking damage.
                  | [demonic ancestry]
 21907 | Elf:3    | Reached XP level 17. HP: 139/144 MP: 29/29
 22031 | Elf:3    | Identified the ring "Maogim" {+Blink rPois rF+ SInv}
 22031 | Elf:3    | Noticed a deep elf master archer
 22050 | Elf:3    | Killed a deep elf master archer
 22054 | Elf:3    | Identified the +3 scale mail of Vehumet's Pride {Str+6
                  | Dex-4}
 22054 | Elf:3    | Noticed a deep elf blademaster
 22057 | Elf:3    | Noticed a deep elf blademaster
 22061 | Elf:3    | Identified the +10 battleaxe "Gyteit" {pain, rF- Int+4
                  | Dex+7}
 22066 | Elf:3    | Killed a deep elf blademaster
 22080 | Elf:3    | Killed a deep elf blademaster
 22093 | Elf:3    | Killed a ghostly deep elf blademaster
 22101 | Elf:3    | Reached skill level 18 in Invocations
 22638 | Elf:3    | Acquired a manual of Evocations
 22644 | Elf:3    | Identified the +0 arbalest of Adantaecung {vorpal, Will++}
 22649 | Elf:3    | Identified the +2 cloak of the Solstice {rN+ Will+}
 23092 | Spider:1 | Entered Level 1 of the Spider Nest
 23114 | Spider:1 | Reached skill level 1 in Evocations
 24088 | Spider:2 | Noticed Asterion
 24107 | Spider:2 | Banished Asterion
 24139 | Spider:2 | Reached XP level 18. HP: 153/153 MP: 31/31
 25032 | Spider:4 | Entered Level 4 of the Spider Nest
 25047 | Spider:4 | Reached skill level 5 in Evocations
 25319 | Spider:4 | Found a frozen archway.
 25442 | Spider:4 | Reached skill level 15 in Shields
 25454 | Spider:4 | Reached skill level 19 in Invocations
 26030 | Spider:4 | Got a gossamer rune of Zot
 26344 | Shoals:1 | Entered Level 1 of the Shoals
 26459 | Shoals:1 | Cast into level 2 of the Abyss (merfolk)
 26472 | Abyss:2  | Found a corrupted altar of Lugonu.
 26651 | Abyss:2  | Noticed a dread lich
 26659 | Abyss:2  | Banished a dread lich
 26660 | Abyss:2  | Gained mutation: You have hooves in place of feet. [demonic
                  | ancestry]
 26660 | Abyss:2  | Reached XP level 19. HP: 161/161 MP: 32/32
 26750 | Shoals:1 | Escaped the Abyss
 26951 | Shoals:1 | Found Xoneh's Magic Scroll Shoppe.
 26952 | Shoals:1 | Found Pemnor's General Store.
 26961 | Shoals:1 | Bought a potion of heal wounds for 75 gold pieces
 27102 | Shoals:1 | Found Xeuxag's Jewellery Shoppe.
 27299 | Shoals:1 | Found Kaec's Book Shoppe.
 27546 | Shoals:2 | Learned a level 2 spell: Blink
 28129 | Shoals:3 | Noticed Polyphemus
 28185 | Shoals:3 | Killed Polyphemus
 28186 | Shoals:3 | Reached skill level 10 in Evocations
 28700 | Shoals:4 | Entered Level 4 of the Shoals
 28770 | Shoals:4 | Reached skill level 20 in Invocations
 29041 | Shoals:4 | Identified the Reference Book on Evil Air
 29275 | Shoals:4 | Got a barnacled rune of Zot
 29766 | Vaults:1 | Entered Level 1 of the Vaults
 29804 | Vaults:1 | Noticed Nikola
 29817 | Vaults:1 | Reached XP level 20. HP: 170/170 MP: 34/34
 29864 | Vaults:1 | Killed Nikola
 30203 | Vaults:1 | Reached skill level 10 in Dodging
 30254 | Vaults:1 | Reached skill level 10 in Armour
 30446 | Vaults:1 | Noticed Saint Roka
 30483 | Vaults:1 | Killed Saint Roka
 31325 | Vaults:2 | Reached skill level 21 in Invocations
 32067 | Vaults:2 | Gained mutation: You resist negative energy. (rN+) [demonic
                  | ancestry]
 32067 | Vaults:2 | Reached XP level 21. HP: 178/178 MP: 35/35
 32318 | Vaults:3 | Found a portal to a secret trove of treasure.
 32560 | Vaults:3 | Found Maisugge's Weapon Emporium.
 33030 | Vaults:3 | Found a staircase to the Crypt.
 35032 | Vaults:5 | Entered Level 5 of the Vaults
 35043 | Vaults:5 | Gained mutation: A meltable icy envelope protects you from
                  | harm. (AC +8) [demonic ancestry]
 35043 | Vaults:5 | Reached XP level 22. HP: 178/187 MP: 36/36
 35094 | Vaults:5 | Reached skill level 22 in Invocations
 35248 | Vaults:5 | Upgraded the game from 0.27-a0-920-gb2bd10914a to
                  | 0.27-a0-978-g2aa4ecdaef
 35270 | Vaults:5 | Noticed a golden dragon
 35308 | Vaults:5 | Killed a golden dragon
 35425 | Vaults:5 | Noticed a dread lich
 35437 | Vaults:5 | Banished a dread lich
 35464 | Vaults:5 | Noticed a golden dragon
 35473 | Vaults:5 | Killed a golden dragon
 35485 | Vaults:5 | Identified the ring of Xom's Amusement {Fire +Inv rElec
                  | Int+6 Slay-6}
 35522 | Vaults:5 | Gained mutation: You are somewhat able to resist unholy
                  | torments (1 in 2 success). [demonic ancestry]
 35522 | Vaults:5 | Reached XP level 23. HP: 182/196 MP: 38/38
 35671 | Vaults:5 | Noticed an ancient lich
 35683 | Vaults:5 | Killed an ancient lich
 35965 | Vaults:5 | Got a silver rune of Zot
 36308 | Vaults:5 | Identified the +10 spear of Resourcefulness {speed, Str+3}
 36308 | Vaults:5 | Identified the ring "Anau" {*Slow rN++ Will+ Dex+5}
 36342 | Vaults:5 | Identified the ring "Cah Rott" {Ice Will+}
 36469 | Vaults:5 | Identified the ring "Imeucilu" {rPois Str+6 Dex+6}
 36528 | Vaults:5 | Identified the amulet "Byd Irch" {Faith rElec rC+ Will-
                  | Int+3}
 36560 | Vaults:5 | Identified the +5 spear of Vuomauss {holy, Contam rC+
                  | Dex+5}
 36568 | Vaults:5 | Identified the +1 scale mail of Tenacity {Fly}
 36572 | Vaults:5 | Identified Geupezxa's Tome of Curses and Shape Shifting
 37095 | Slime:1  | Entered Level 1 of the Pits of Slime
 37361 | Slime:3  | Reached skill level 23 in Invocations
 37390 | Slime:3  | Gained mutation: You sometimes lose the ability to read
                  | scrolls when taking damage. [a shining eye]
 37454 | Slime:5  | Entered Level 5 of the Pits of Slime
 37477 | Slime:5  | Noticed the Royal Jelly
 37507 | Slime:5  | Killed the Royal Jelly
 37517 | Slime:5  | Gained mutation: Your movements are slightly less
                  | encumbered by armour. (ER -2) [mutagenic glow]
 37526 | Slime:5  | Lost mutation: You sometimes lose the ability to read
                  | scrolls when taking damage. [potion of mutation]
 37526 | Slime:5  | Lost mutation: Your movements are slightly less encumbered
                  | by armour. (ER -2) [potion of mutation]
 37526 | Slime:5  | Gained mutation: You evolve. [potion of mutation]
 37526 | Slime:5  | Gained mutation: You possess an exceptional clarity of
                  | mind. [potion of mutation]
 37526 | Slime:5  | Gained mutation: Your movements are slightly less
                  | encumbered by armour. (ER -2) [potion of mutation]
 37529 | Slime:5  | Slain by a quicksilver ooze

Illustrated notes

Levels and vault maps discovered:
D:1:      ncdulo_halloftheorcs, layout_rooms, serial_forest,
          infiniplex_forest_clump_long, infiniplex_forest_clump_small,
          infiniplex_forest_clump_medium, infiniplex_forest_clump_curved,
          infiniplex_forest_end_1, ebering_ecumenical_altar_box
D:2:      cheibrodos_greedy_goblins, layout_basic, basic_altar
D:3:      layout_basic
D:4:      layout_gridville
D:5:      layout_basic
D:6:      layout_rooms, minmay_temple_entry_overgrown, serial_shops,
          nicolae_shop_waterfront, kennysheep_mini_moat, shop,
          hangedman_decor_diamond_cutter, uniq_grinder
D:7:      layout_loops_corners, enter_bailey_3, serial_shops, kennysheep_mini,
          shop
D:8:      layout_basic, serial_shops, shop_statue
D:9:      layout_layer_cave, nicolae_ru_the_path_less_chosen
D:10:     layout_long_grid
D:11:     layout_rooms, minmay_lair_entry_grove, orc_0_dummy
D:12:     layout_loops_corners
D:13:     layout_cave_pools, erik_vaults_1
D:14:     layout_basic, roderic_lattice_a, zin_statuary, uniq_snorg
D:15:     gammafunk_depths_entry_grave, layout_loops_ring, bloody_makhleb,
          gauntlet_entry_generic, uniq_louise
Temple:   minmay_crystal_snake_temple
Lair:1:   layout_cave_pods, serial_bayou_shore_b
Lair:2:   layout_regular_city, lemuel_fruit_tree, infiniplex_staircase_pool_2,
          grunt_megastairs_1
Lair:3:   layout_concentric_octagons
Lair:4:   layout_gridlike, elwin_shoals_entry_rooms, spider_nest_entry_webs,
          cheibrodos_lair_lostbears, grunt_megastairs_5
Lair:5:   layout_regular_city, minivault_26, chequers_serial_rivers_micro_a,
          bh_autumn_forest_stairs, beast_lair_carwin_6, grunt_megastairs_3,
          minmay_lair_oklob_chamber, lemuel_fruit_fields, serial_bayou_shore_a
Lair:6:   gammafunk_lair_ancient_temple, layout_hall_layers,
          nicolae_slime_entry_slimehenge, lemuel_fruit_fields
Shoals:1: layout_shoals, serial_shops, shop, shop, shop, shop,
          nicolae_shoals_siren_and_animal_friends
Shoals:2: layout_shoals
Shoals:3: layout_shoals, uniq_polyphemus
Shoals:4: shoals_end_grunt_ice, layout_shoals,
          nicolae_shoals_arrival_archipelago
Spider:1: nicolae_spider_hilbert_zone_1 [nicolae_spider_hilbert_4_sides_1_open,
          nicolae_spider_hilbert_4_sides_1_open,
          nicolae_spider_hilbert_4_sides_1_open,
          nicolae_spider_hilbert_4_sides_1_open,
          nicolae_spider_hilbert_3_sides_1_open,
          nicolae_spider_hilbert_3_sides_1_open,
          nicolae_spider_hilbert_3_sides_1_open,
          nicolae_spider_hilbert_3_sides_1_open,
          nicolae_spider_hilbert_3_sides_1_open,
          nicolae_spider_hilbert_6_sides_1_open,
          nicolae_spider_hilbert_6_sides_1_open,
          nicolae_spider_hilbert_3_sides_1_open,
          nicolae_spider_hilbert_3_sides_1_open,
          nicolae_spider_hilbert_3_sides_1_open,
          nicolae_spider_hilbert_3_sides_1_open,
          nicolae_spider_hilbert_2_sides_1_open], nicolae_spider_bug_shape
Spider:2: layout_spider_delve, uniq_asterion
Spider:3: layout_spider_delve
Spider:4: spider_rune_water, portal_ice_cave_entry_pillars_three
Slime:1:  layout_caves, basic_altar
Slime:2:  layout_caves
Slime:3:  layout_caves
Slime:4:  layout_caves
Slime:5
Orc:1:    layout_caves, uniq_erolcha
Orc:2:    st_orc_congregation, layout_caves, serial_shops, bzr_entry_lakeside
Elf:1:    eino_elf_arrival_customs, layout_loops_corners, serial_shops,
          shop_fountains, minmay_elf_demonology, billiards_dpeg
Elf:2:    layout_geoelf_grid, serial_shops, shop
Elf:3:    minmay_elf_hall_curves, layout_loops_corners
Vaults:1: vaults_mumra_hex, hangedman_vaults_corner, nicolae_vaults_asterisk,
          dpeg_vaults_monster_box, nicolae_vaults_specimen_jars,
          nicolae_vaults_display_case, v_pattern_3,
          nicolae_vaults_ring_of_whatevers, nicolae_vaults_ring_of_whatevers,
          nicolae_vaults_angled_halls, layout_vaults_ring, uniq_saint_roka,
          uniq_nikola
Vaults:2: v_misc_9, ontoclasm_vaults_idyll, nicolae_vaults_sealed_display,
          nicolae_vaults_twisting_passages, vaults_standard_mumra_lines,
          serial_ice_b, v_misc_29, v_misc_32, vaults_dpeg_hooks,
          vaults_dpeg_diagonal, layout_vaults_chaotic_city
Vaults:3: v_misc_12, ontoclasm_vaults_hangar, nicolae_vaults_ninety_degrees,
          hangedman_vaults_maws, v_alt_pattern_3,
          minmay_crypt_entry_simple_corners, layout_vaults_omnigrid,
          enter_trove_2, serial_shops, shop_statue
Vaults:4: nicolae_vaults_little_squares_6, nicolae_vaults_disjoint_gnomons,
          hangedman_vaults_slither, nicolae_vaults_asterisk,
          nicolae_vaults_ring_of_whatevers, ontoclasm_vaults_loading_screen,
          hangedman_vaults_nails, vaults_mumra_minichess_inversion,
          nicolae_vaults_circle_grid_a, vaults_room_fancy_cross,
          nicolae_vaults_rhombus_6, st_lattice, layout_vaults_omnicross,
          serial_glass
Vaults:5: serial_shops

Skill      XL: |  1  2  3  4  5  6  7  8  9 10 11 12 13 14 15 16 17 18 19 20 21 22 23 |
---------------+----------------------------------------------------------------------+-----
Polearms       | 2 3 4 5 6 7 8 10 11 12 13 14 | 14.0
Fighting       | 4 5 6 7 8 9 11 12 13 14 15 16 17 18 19 20 | 20.2
Invocations    | 3 7 10 11 12 13 15 16 17 18 19 20 21 22 23 | 23.3
Dodging        | 2 5 6 8 9 10 11 12 13 | 13.6
Armour         | 1 4 5 6 8 9 10 11 12 13 | 13.5
Stealth        | 5 |  5.3
Shields        | 4 8 10 12 14 15 16 17 | 17.1
Evocations     | 3 8 11 13 14 | 14.1

Action                   |  1- 3 |  4- 6 |  7- 9 | 10-12 | 13-15 | 16-18 | 19-21 | 22-24 || total
-------------------------+-------+-------+-------+-------+-------+-------+-------+-------++-------
Melee: Demon trident     |    34 |   108 |   226 |   472 |  1171 |  1326 |  1756 |   664 ||  5757
       Kick              |       |     1 |       |       |       |       |   361 |   206 ||   568
Invok: Elemental Force   |       |       |       |       |     4 |     5 |     1 |       ||    10
       Disaster Area     |       |       |       |       |     2 |     9 |     6 |     6 ||    23
       Upheaval          |       |       |       |       |       |       |       |     1 ||     1
Evoke: Wand              |       |       |       |     3 |       |       |       |       ||     3
       Condenser vane    |       |       |       |       |       |       |       |     4 ||     4
       Lightning rod     |       |       |       |       |       |       |       |     6 ||     6
       Tin of tremorston |       |       |       |       |       |       |       |     3 ||     3
       Box of beasts     |       |       |       |       |       |       |       |     1 ||     1
  Use: Scroll            |       |       |    16 |    15 |     5 |     6 |     1 |     2 ||    45
       Potion            |       |       |     1 |     6 |       |       |       |     5 ||    12
 Stab: Sleeping          |     2 |     7 |     3 |       |       |       |       |       ||    12
       Distracted        |       |       |     1 |       |       |     1 |     1 |       ||     3
       Invisible         |       |       |       |    11 |     5 |       |       |       ||    16
       Held in net/web   |       |       |       |       |       |     4 |       |       ||     4
Armor: Leather armour    |     1 |       |       |       |       |       |       |       ||     1
       Scale mail        |     8 |    17 |    47 |   111 |     4 |       |       |       ||   187
       Troll leather arm |       |       |       |       |   118 |   207 |    83 |    17 ||   425
       Gold dragon scale |       |       |       |       |       |       |       |    61 ||    61
Dodge: Dodged            |    10 |    17 |    33 |    78 |    95 |    95 |    91 |    37 ||   456
       Repelled          |       |       |       |     3 |     2 |     6 |    14 |     8 ||    33
Block: Other             |     3 |     4 |    23 |    84 |    68 |       |       |       ||   182
       Kite shield       |       |       |       |       |   728 |  1102 |  1164 |   505 ||  3499

Table legend: (Time is in decaauts)
 A = Elapsed time spent in this place.
 B = Non-inter-level travel time spent in this place.
 C = Inter-level travel time spent in this place.
 D = Time resting spent in this place.
 E = Time spent auto-exploring this place.
 F = Levels seen in this place.
 G = Mean time per level.
                   A        B        C        D        E       F      G
               +--------+--------+--------+--------+--------+-----+--------+
         Total |  36099 |  33474 |   2625 |    220 |  25382 |  51 |  707.8 |
       Dungeon |  11267 |  10456 |    811 |    188 |   8469 |  15 |  751.1 |
        Temple |    215 |    174 |     41 |      0 |    169 |   1 |  215.0 |
          Lair |   5593 |   4884 |    709 |     23 |   3994 |   6 |  932.2 |
        Shoals |   2947 |   2774 |    173 |      0 |   2130 |   4 |  736.8 |
   Spider Nest |   2992 |   2859 |    133 |      0 |   2159 |   4 |  748.0 |
    Slime Pits |    231 |    231 |      0 |      0 |      0 |   5 |   46.2 |
  Orcish Mines |   1873 |   1659 |    214 |      9 |   1131 |   2 |  936.5 |
   Elven Halls |   3117 |   2865 |    252 |      0 |   2176 |   3 | 1039.0 |
        Vaults |   6434 |   6143 |    291 |      0 |   4434 |   5 | 1286.8 |
         Abyss |    920 |    920 |      0 |      0 |    563 |   3 |  306.7 |
        Bazaar |     45 |     45 |      0 |      0 |     17 |   1 |   45.0 |
        Bailey |    160 |    160 |      0 |      0 |      0 |   1 |  160.0 |
      Gauntlet |    301 |    301 |      0 |      0 |    138 |   1 |  301.0 |
               +--------+--------+--------+--------+--------+-----+--------+

Top non-repeatable levels by time:
Vaults:5: 1558 daAuts
   Orc:2: 1344 daAuts
Vaults:4: 1311 daAuts
   Elf:3: 1235 daAuts
Vaults:2: 1196 daAuts
Vaults:3: 1184 daAuts
Vaults:1: 1183 daAuts
   Elf:1: 1183 daAuts
    D:14: 1149 daAuts
Spider:4: 1121 daAuts
     D:9: 1105 daAuts
  Lair:6: 1084 daAuts
  Lair:4: 1041 daAuts
  Lair:1: 975 daAuts
     D:7: 951 daAuts
